 Dungeon Crawl Stone Soup version 0.27-a0-1119-gbf574a6a6b (webtiles) character file.

Game seed: 14536851360231764783

1440 Zeld the Chucker (level 8, -3/57 HPs)
             Began as an Octopode Fighter on May 2, 2021.
             Was a Believer of Okawaru.
             Killed from afar by an acid dragon (11 damage)
             ... with a splash of acid
             ... on level 5 of the Dungeon.
             The game lasted 00:09:11 (5939 turns).

Zeld the Chucker (Octopode Fighter)                 Turns: 5939, Time: 00:09:11

Health: -3/57      AC:  5    Str: 18    XL:     8   Next: 74%
Magic:  0/8        EV: 11    Int: 10    God:    Okawaru [**....]
Gold:   53         SH: 11    Dex: 11    Spells: 7/7 levels left

rFire    . . .     SeeInvis +   a - +0 war axe
rCold    . . .     Faith    .   b - +1 kite shield
rNeg     . . .     Spirit   +   (helmet restricted)
rPois    .         Reflect  .   t - amulet of guardian spirit
rElec    .         Harm     .   d - +4 ring of protection
rCorr    .         Rampage  .   l - ring of see invisible
Will     .....                  (no ring)
Stlth    ++........             (no ring)
HPRegen  0.19/turn              (no ring)
MPRegen  0.11/turn              (no ring)
                                (no ring)
                                (no ring)

@: no status effects
A: almost no armour, amphibious, 8 rings, camouflage 1, gelatinous body 1,
(nimble swimmer 1), tentacles
a: Renounce Religion, Heroism


You were on level 5 of the Dungeon.
You worshipped Okawaru.
Okawaru was pleased with you.
You visited 2 branches of the dungeon, and saw 6 of its levels.
You also visited: Sewer.

You collected 212 gold pieces.
You spent 159 gold pieces at shops.

Inventory:

Hand Weapons
 a - a +0 war axe (weapon)
 r - a +0 war axe
Missiles
 j - 51 poisoned darts (quivered)
 m - 3 curare-tipped darts
 n - 4 javelins
 q - 8 boomerangs
Armour
 b - a +1 kite shield (worn)
Jewellery
 d - a +4 ring of protection (left tentacle)
 l - a ring of see invisible (right tentacle)
 t - an amulet of guardian spirit (around mantle)
Wands
 o - a wand of charming (6)
 p - a wand of iceblast (8)
Scrolls
 c - 3 scrolls of teleportation
 e - 2 scrolls of fear
 g - 3 scrolls of blinking {unknown}
 w - 5 scrolls of fog {unknown}
 x - 2 scrolls of magic mapping {unknown}
 y - a scroll of amnesia {unknown}
Potions
 f - a potion of invisibility
 h - a potion of heal wounds
 i - a potion of attraction {unknown}
 k - 6 potions of curing {unknown}
 s - a potion of magic {unknown}
 u - 4 potions of brilliance {unknown}
 v - 2 potions of haste {unknown}


   Skills:
 * Level 5.7 Fighting
 * Level 5.2 Axes
 - Level 6.0 Throwing
 - Level 3.0 Dodging
 * Level 5.7 Shields


You had 7 spell levels left.
You didn't know any spells.
Your spell library contained the following spells:

 Spells                   Type           Power      Damage    Failure   Level
 Animate Skeleton         Necr           0%         N/A       77%         1
 Pain                     Necr           0%         1d4       77%         1
 Sting                    Tmut/Pois      0%         1d3       77%         1
 Poisonous Vapours        Pois/Air       0%         N/A       88%         2
 Ignite Poison            Fire/Tmut/Pois 0%         N/A       98%         3
 Mephitic Cloud           Conj/Pois/Air  0%         N/A       98%         3
 Vampiric Draining        Necr           0%         2d6       98%         3
 Animate Dead             Necr           0%         N/A       100%        4
 Olgreb's Toxic Radiance  Pois           0%         N/A       100%        4
 Agony                    Necr           0%         N/A       100%        5
 Haunt                    Necr/Summ      0%         N/A       100%        7
 Malign Gateway           Summ/Tloc      0%         N/A       100%        7
 Monstrous Menagerie      Summ           0%         N/A       100%        7
 Summon Horrible Things   Summ           0%         N/A       100%        8


Dungeon Overview and Level Annotations

Branches:
Dungeon (5/15)             Temple (1/1) D:4           Sewer (visited)

Altars:
Cheibriados
Dithmenos
Elyvilon
Gozag
Hepliaklqana
Makhleb
Nemelex Xobeh
Okawaru
Qazlal
Ru
Sif Muna
Vehumet
Wu Jian
Xom
Yredelemnul
Zin
The Shining One

Shops:
D:1 [   D:2 *   D:3 :[**   D:5 *

Annotations:
D:4 2 runed translucent doors


Innate Abilities, Weirdness & Mutations

You cannot wear most types of armour.
You are amphibious.
You can wear up to eight rings at the same time.
Your skin changes colour to match your surroundings (Stealth+).
Your rubbery body absorbs attacks. (AC +1, EV +1)
((You are camouflaged near water. (Stealth+)))
You have tentacles for arms and can constrict up to eight enemies at once.


Message History

Press: ? - help, v - describe, . - travel, g - get item Item here: a human skeleton.
The floor.
Key pressed, stopping explore.
Unknown command.
Magic restored.
HP restored.
y - a scroll labelled VORHOXZA QOCWA
Found a trident.
Found a chain mail.
A hound comes into view.
A hound is nearby!
A hound is nearby!
You block the hound's attack.
You slash the hound! You grab the hound. You squeeze the hound.
The hound is severely wounded.
You constrict the hound. You block the hound's attack.
The hound closely misses you. You block the hound's attack.
You hit the hound but do no damage.
The hound is severely wounded.
You constrict the hound.
You kill the hound!
Okawaru accepts your kill.
No target in view!
No target in view!
You see here a hound corpse.
An acid dragon comes into view.
The acid dragon roars!
The acid dragon spits acid at you. The splash of acid hits you!
You are splashed with acid!
An acid dragon is nearby!
An acid dragon is nearby!
The acid dragon spits acid at you. The splash of acid hits you!
* * * LOW HITPOINT WARNING * * *
You are splashed with acid!
* * * LOW HITPOINT WARNING * * *
The acid dragon spits acid at you. The splash of acid hits you!
You die...

######.....##..#....##...###.
###..##......##................
#.............#....####.......#
###.......###.......## ##.......#
.<........##......#..# #..####..#
............###.####.###..###...#
#####.....### #.# ##.#..##......
#####.....## #.#####..D.......#.
#.8.<.∩.8..####.@......####...#..
#.#........>....#####.## ##.....
#..)##.....####.# ###.# ##...#
#..####..### #..##...# #..## .###
##.# #.......## #.## .# .#
###.#..###.## #.. .# ..
..###..#...# .## #.# ... .
#....##.. D #.# ## #. #..### #..
#


You could see an acid dragon (catching breath).

Vanquished Creatures
  A wyvern (D:4)
  3 ogres
  Blork the orc (D:4)
  2 bullfrogs (Sewer)
  A scorpion (D:5)
  A wyvern skeleton (D:5)
  A water moccasin skeleton (D:4)
  A killer bee (D:4)
  A wight (D:4)
  2 hounds (D:5)
  2 jellies (D:4)
  A bullfrog skeleton (D:4)
  4 iguanas
  Ijyb (D:3)
  An orc wizard (D:3)
  A hound skeleton (D:4)
  9 adders
  4 river rats (Sewer)
  A white imp (D:5)
  An adder zombie (D:4)
  2 adder skeletons (D:4)
  4 worms
  A dart slug (D:2)
  8 orcs (D:3)
  19 ball pythons
  11 endoplasms
  5 giant cockroaches
  4 goblins
  5 hobgoblins
  11 jackals
  8 kobolds
  7 quokkas
  6 bats
  10 frilled lizards
  31 rats
171 creatures vanquished.

Vanquished Creatures (others)
  A plant (D:1)
1 creature vanquished.

Grand Total: 172 creatures vanquished

Notes
Turn   | Place    | Note
-------+----------+-------------------------------------------
     0 | D:1      | Zeld the Octopode Fighter began the quest for the Orb.
     0 | D:1      | Reached XP level 1. HP: 16/16 MP: 1/1
   104 | D:1      | Reached XP level 2. HP: 21/21 MP: 2/2
   423 | D:1      | Reached XP level 3. HP: 26/26 MP: 3/3
   509 | D:1      | Found a faded altar of an unknown god.
   673 | D:1      | Found Roqemom's Antique Armour Boutique.
   837 | D:2      | Found Wussy's Assorted Antiques.
   942 | D:2      | Bought an inky potion for 15 gold pieces
  1548 | D:2      | Reached skill level 1 in Throwing
  1561 | D:2      | Bought a scroll labelled SERCHA NEOGGIM for 17 gold pieces
  1583 | D:3      | Found a white marble altar of Elyvilon.
  1661 | D:3      | Reached XP level 4. HP: 31/31 MP: 4/4
  1709 | D:3      | Found Ehenwa Kiwie's General Store.
  1722 | D:3      | Bought a scroll of identify for 20 gold pieces
  1906 | D:3      | Reached skill level 2 in Throwing
  1949 | D:3      | Found Qicledyl's General Store.
  2437 | D:3      | Found Engept's Antique Armour Boutique.
  2511 | D:3      | Reached skill level 3 in Throwing
  2523 | D:3      | Found Koskek's Book Shoppe.
  2541 | D:3      | Noticed an ogre
  2586 | D:3      | Killed an ogre
  2587 | D:3      | Reached skill level 4 in Throwing
  2587 | D:3      | Reached XP level 5. HP: 36/36 MP: 5/5
  2776 | D:2      | Bought a scroll of identify for 34 gold pieces
  2776 | D:2      | Bought a scroll labelled GIKUAM DYATZ for 17 gold pieces
  2799 | D:4      | Noticed Blork the orc
  2808 | D:4      | Killed Blork the orc
  2809 | D:4      | Reached XP level 6. HP: 23/42 MP: 6/6
  2997 | D:4      | Reached skill level 5 in Throwing
  3299 | D:4      | Found a large runed translucent door.
  3300 | D:4      | Found a large runed translucent door.
  3413 | D:4      | Found a large runed translucent door.
  3413 | D:4      | Found a large runed translucent door.
  3512 | D:4      | Found a staircase to the Ecumenical Temple.
  3545 | Temple   | Entered the Ecumenical Temple
  3696 | Temple   | Became a worshipper of Warmaster Okawaru
  3896 | D:4      | Reached skill level 6 in Throwing
  3896 | D:4      | Reached XP level 7. HP: 43/46 MP: 7/7
  4035 | D:4      | Noticed a wyvern
  4051 | D:4      | Killed a wyvern
  4051 | D:4      | Reached * piety under Okawaru
  4294 | D:4      | Reached XP level 8. HP: 54/54 MP: 8/8
  4416 | D:3      | Noticed Ijyb
  4424 | D:3      | Killed Ijyb
  4522 | D:3      | Bought a scroll of identify for 20 gold pieces
  4719 | D:5      | Entered Level 5 of the Dungeon
  4806 | D:5      | Found Tisal's General Store.
  4821 | D:5      | Bought a scroll of teleportation for 36 gold pieces
  4873 | D:5      | Reached skill level 5 in Fighting
  4873 | D:5      | Reached skill level 5 in Shields
  4969 | D:5      | Found a glowing drain.
  4973 | Sewer    | Entered a sewer
  5479 | Sewer    | Reached ** piety under Okawaru
  5480 | Sewer    | Reached skill level 5 in Axes
  5939 | D:5      | Killed from afar by an acid dragon

Illustrated notes

Levels and vault maps discovered:
D:1:      wander_arrival_chamber, layout_rooms, serial_shops, shop,
          chequers_ecumenical_altar_lobes
D:2:      layout_basic, serial_shops, shop, minmay_misc_feat_chi
D:3:      layout_basic, elyvilon_altar_5, serial_shops, nicolae_shop_stone,
          nicolae_shop_temple_entry_statues_fountains, shop,
          nicolae_shop_statue_plus, uniq_ijyb
D:4:      layout_gridville, minmay_temple_entry_antechambers,
          minmay_hollow_rounded_squares, uniq_blork_the_orc
D:5:      layout_layer_cave, gup_sewer_entry_spiral, serial_shops, shop_statue,
          mumra_transporter_accident
Temple:   regret_index_temple_sphere_string

Skill      XL: |  1  2  3  4  5  6  7  8 |
---------------+-------------------------+-----
Throwing       | 1 4 6 |  6.0
Axes           | 4 5 |  5.2
Fighting       | 4 5 |  5.7
Shields        | 4 5 |  5.7
Dodging        | |  3.0

Action                   |  1- 3 |  4- 6 |  7- 9 || total
-------------------------+-------+-------+-------++-------
Melee: War axe           |    78 |    89 |   133 ||   300
       Constrict         |    23 |    25 |    30 ||    78
       Tentacles         |    10 |    19 |    35 ||    64
Throw: Dart              |       |     5 |     6 ||    11
Invok: Heroism           |       |       |     1 ||     1
  Use: Potion            |       |     1 |     6 ||     7
       Scroll            |       |     5 |     1 ||     6
 Stab: Sleeping          |     6 |     4 |     9 ||    19
Armor: Skin              |    19 |    29 |    35 ||    83
Dodge: Dodged            |    46 |    50 |   105 ||   201
Block: Kite shield       |    45 |    50 |    94 ||   189

Table legend: (Time is in decaauts)
 A = Elapsed time spent in this place.
 B = Non-inter-level travel time spent in this place.
 C = Inter-level travel time spent in this place.
 D = Time resting spent in this place.
 E = Time spent auto-exploring this place.
 F = Levels seen in this place.
 G = Mean time per level.
                   A        B        C        D        E       F      G
               +--------+--------+--------+--------+--------+-----+--------+
         Total |   6107 |   5845 |    262 |    112 |   4437 |   7 |  872.4 |
       Dungeon |   5180 |   4942 |    238 |    112 |   3700 |   5 | 1036.0 |
        Temple |    176 |    152 |     24 |      0 |    141 |   1 |  176.0 |
         Sewer |    750 |    750 |      0 |      0 |    596 |   1 |  750.0 |
               +--------+--------+--------+--------+--------+-----+--------+

Top non-repeatable levels by time:
     D:4: 1677 daAuts
     D:3: 1349 daAuts
     D:2: 898 daAuts
   Sewer: 750 daAuts
     D:1: 743 daAuts
     D:5: 512 daAuts
  Temple: 176 daAuts
